tem, chaotic female elven Wizard ##a###### ------- ##a@##########...<..| |.?.........b ##a##### |.....| |..... |.....| | |.....| |.....| ......| ------- tem the Thaumaturge Experience level: 8 Strength: 4 Dexterity: 11 Constitution: 14 Intelligence: 18 Wisdom: 11 Charisma: 12 Health: 0(50) Energy: 82(99) AC: 4 Gold: 453 Moves: 3771 Your Inventory: Coins $ - 453 gold pieces Weapons e - 8 uncursed [+0] daggers (wielded) Armor b - an uncursed +0 cloak of magic resistance (being worn) u - an uncursed +0 hard hat [dwarvish iron helm] (being worn) w - an uncursed +1 pair of hard shoes [iron] (being worn) Comestibles r - 2 [uncursed] tripe rations L - 3 [uncursed] food rations Y - an [uncursed] lizard corpse Scrolls f - 2 [uncursed] scrolls of create monster i - an uncursed scroll of stinking cloud j - 2 blessed scrolls of confuse monster m - an [uncursed] scroll labeled GNIK SISI VLE [of enchant armor] Spellbooks T - an uncursed spellbook of create monster Potions g - an uncursed potion of confusion h - an uncursed potion of paralysis n - an [uncursed] magenta potion [of gain ability] Wands c - an uncursed wand of speed monster (0:3) Tools k - an [uncursed] key [skeleton key] Spells known in the end: Name Level Category Fail Memory a - force bolt 1 attack 4% [|||||||.] b - wizard lock 2 matter 68% [|||||||.] c - create monster 2 clerical 68% [||||||||] Your skills at the end: Fighting Skills Weapon Skills quarterstaff [Basic / Expert] Spellcasting Skills attack spells [Basic / Expert] enchantment spells [Basic / Skilled] Final Attributes: You were piously aligned. Hunger level was 214. Your alignment was 28 / 28. Monster difficulty range was 1 - 8. Level difficulty was 9. You were immune to sleep. You resisted poison. You were magic-protected. You saw invisible. You were telepathic. You had infravision. You were fast. You were unlucky (-3). You are dead. Vanquished creatures: a giant beetle a giant spider a dwarf mummy a lizard a snake 2 bugbears a wood nymph 2 water nymphs 2 mountain nymphs an orc shaman a shrieker a gnome lord a kobold mummy a gray ooze a floating eye a kitten 2 dwarves 2 kobold lords 2 kobold shamans 5 hill orcs 4 rothes a wererat an iguana 7 killer bees an acid blob 2 coyotes a large kobold 10 hobgoblins a giant rat a cave spider a brown mold a yellow mold a green mold 6 gnomes 3 gnome zombies 2 geckos 2 jackals a goblin 2 sewer rats 2 grid bugs 3 lichens 5 newts 88 creatures vanquished. Voluntary challenges: You used a wielded weapon 56 times. You read items or engraved 18 times. You put on armor 13 times. You never genocided any monsters. You never polymorphed an object. You never changed form. You used no wishes. You wrote Elbereth's name 12 times. You never encountered a bones level. You never used any Sokoban shortcuts. Dungeon overview: The Dungeons of Doom: levels 1 to 9 Level 1 an altar, a fountain a long staircase Level 2 a general store stairs to The Gnomish Mines Level 3 a fountain Level 4 an altar to Anhur Level 5 a fountain Level 6 a fountain, a throne Level 7 some fountains, a sink Level 8 a fountain, some trees Level 9 <- You were here The Gnomish Mines: Level 3 stairs to The Dungeons of Doom History has recorded: On T:1 you entered the Dungeons of Doom to retrieve the Amulet of Yendor! On T:295 you reached level 2 of The Dungeons of Doom. On T:328 you reached level 3 of The Dungeons of Doom. On T:540 you reached level 1 of The Gnomish Mines. On T:560 you advanced to experience level 2. On T:885 you advanced to experience level 3. On T:906 you reached level 4 of The Dungeons of Doom. On T:969 you advanced to experience level 4. On T:1082 you reached level 5 of The Dungeons of Doom. On T:1125 you reached level 6 of The Dungeons of Doom. On T:1192 you advanced to experience level 5. On T:1865 you advanced to experience level 6. On T:2297 you reached level 7 of The Dungeons of Doom. On T:2358 you advanced to experience level 7. On T:2984 you reached level 8 of The Dungeons of Doom. On T:3327 you advanced to experience level 8. On T:3576 you reached level 9 of The Dungeons of Doom. Latest messages: Something is written here in the dust. You read: "l?| v s h ?e". You cannot disable that trap. You hear a door open. The soldier ant bites! The soldier ant stings! [HP-11=39] You miss the soldier ant. (2x) The soldier ant bites! The soldier ant misses. The soldier ant bites! The soldier ant stings! The soldier ant misses. The soldier ant stings! [HP-20=19] The soldier ant bites! The soldier ant just misses! The soldier ant bites! The soldier ant stings! You die... Final status: Goodbye tem the Wizard... You died in The Dungeons of Doom on dungeon level 9 with 5146 points, and 453 pieces of gold, after 3771 moves. You were level 8 with a maximum of 50 hit points when you died.